 Dungeon Crawl Stone Soup version 0.29-a0-1052-g6990b1bffc (webtiles) character file.

Game seed: 1778165554399612929

9 ytrimaz the Insei (level 2, 21/21 HPs)
             Began as a Demonspawn Transmuter on Aug 17, 2022.
             Was a Follower of Vehumet.
             Quit the game on level 1 of the Dungeon.
             The game lasted 00:00:31 (730 turns).

ytrimaz the Insei (Demonspawn Transmuter)            Turns: 730, Time: 00:00:32

Health: 21/21      AC:  2    Str: 10    XL:     2   Next: 6%
Magic:  5/5        EV: 12    Int: 14    God:    Vehumet [*.....]
Gold:   17         SH:  0    Dex: 13    Spells: 4/5 levels left

rFire   . . .      SeeInvis .     - Unarmed
rCold   . . .      Faith    .   (no shield)
rNeg    . . .      Spirit   .   a - +0 robe
rPois   .          Reflect  .   (no helmet)
rElec   .          Harm     .   (no cloak)
rCorr   .          Rampage  .   (no gloves)
Will    .....                   (no boots)
Stlth   +.........              (no amulet)
HPRegen 0.07/turn               (no ring)
MPRegen 0.09/turn               (no ring)

@: no status effects
A: demonic magic 1
a: Renounce Religion


You were on level 1 of the Dungeon.
You worshipped Vehumet.
Vehumet was aware of your devotion.
You visited 1 branch of the dungeon, and saw 1 of its levels.

You collected 17 gold pieces.

Inventory:

Armour
 a - a +0 robe (worn)
Jewellery
 i - a ring of ice
Scrolls
 d - a scroll of teleportation
 e - a scroll of immolation {unknown}
 f - a scroll of identify
 g - a scroll of enchant armour {unknown}
 h - a scroll of noise {unknown}
Potions
 b - a potion of lignification
 c - a potion of heal wounds {unknown}


   Skills:
 + Level 1.2 Fighting
 + Level 2.0 Dodging
 + Level 3.0 Unarmed Combat
 - Level 2.0 Spellcasting
 - Level 1.7 Transmutations


You had 4 spell levels left.
You knew the following spells:

 Your Spells              Type           Power      Damage    Failure   Level
a - Beastly Appendage     Tmut           12%        N/A       12%         1

Your spell library contained the following spells:

 Spells                   Type           Power      Damage    Failure   Level
 Freeze                   Ice            4%         1d3       24%         1
 Wereblood                Tmut           6%         N/A       17%         2
 Spider Form              Tmut/Pois      3%         N/A       45%         3
 Ice Form                 Ice/Tmut       3%         N/A       86%         4
 Summon Forest            Summ/Tloc      0%         N/A       100%        5
 Eringya's Noxious Bog    Tmut/Pois      1%         N/A       100%        6
 Summon Hydra             Summ           0%         N/A       100%        7


Dungeon Overview and Level Annotations

Branches:
Dungeon (1/15)

Altars:
Vehumet


Innate Abilities, Weirdness & Mutations

Spells you cast may paralyse adjacent enemies.


Message History

Found a stone staircase leading down.
f - a scroll of identify You open the door.
There is an open door here.
Found a leather armour.
Found a robe.
You open the door.
There is an open door here.
You open the door.
There is an open door here.
A ball python comes into view.
A ball python is nearby!
A ball python is nearby!
A ball python is nearby!
Found 7 gold pieces.
You grow a pair of large bovine horns.
Your feet morph into talons.
Malevolent energies surge around you.
The helpless ball python fails to defend itself.
You hit the ball python.
The ball python is severely wounded.
The helpless ball python fails to defend itself.
You hit the ball python.
You kill the ball python!
Your transformation is almost over.
You now have 17 gold pieces (gained 7).
Your horns disappear.
Your talons disappear.
You open the door.
There is an open door here.
g - a scroll labelled BUERO HOLAV
Found a faded altar of an unknown god.
Found a stone staircase leading down.
h - a scroll labelled WAIXZA ZOTWUPS
i - a ring of ice
There is a faded altar of an unknown god here.
You cannot tell which god this altar belongs to.
Convert to them anyway?
Vehumet accepts your prayer! Vehumet welcomes you!
You can now gain magical power from killing.
Vehumet offers you knowledge of Freeze.
Are you sure you want to abandon this character and quit the game? (Confirm with "yes".)

######### #.......#
### #.......#
##.#####..>....#
###..............# #
#@...........|...#
#.#.#...###........#
#.#.##..# #........#
#.......# #.###.####
###.##.## #.# ...
#.##+####.# ...#
#.........# ...
##.....####
##.......##


There were no monsters in sight!

Vanquished Creatures
  2 endoplasms (D:1)
  A giant cockroach (D:1)
  2 ball pythons (D:1)
  3 bats (D:1)
  A goblin (D:1)
9 creatures vanquished.

Notes
Turn   | Place    | Note
-------+----------+-------------------------------------------
     0 | D:1      | ytrimaz the Demonspawn Transmuter began the quest for the
                  | Orb.
     0 | D:1      | Reached XP level 1. HP: 15/15 MP: 3/3
   363 | D:1      | Reached skill level 3 in Unarmed Combat
   420 | D:1      | Gained mutation: Spells you cast may paralyse adjacent
                  | enemies. [demonic ancestry]
   420 | D:1      | Reached XP level 2. HP: 20/21 MP: 3/5
   697 | D:1      | Found a faded altar of an unknown god.
   729 | D:1      | Prayed at the altar of an unknown god.
   729 | D:1      | Became a worshipper of Vehumet
   729 | D:1      | Reached * piety under Vehumet
   729 | D:1      | Offered knowledge of Freeze by Vehumet.
   730 | D:1      | Quit the game

Illustrated notes

Levels and vault maps discovered:
D:1:      dpeg_arrival_tiny_i, layout_loops_corners, basic_ecumenical_altar,
          minmay_statues_item, minmay_pentomino_p4

Skill      XL: |  1 |
---------------+----+-----
Dodging        | 2 |  2.0
Unarmed Combat | 3 |  3.0
Fighting       | |  1.2
Spellcasting   | |  2.0
Transmutations | |  1.7

Action                   || total
-------------------------++-------
Melee: Unarmed           ||    19
       Kick              ||     6
       Headbutt          ||     2
 Cast: Beastly Appendage ||     8
  Use: Scroll            ||     1
 Stab: Paralysed         ||     2
Armor: Robe              ||    10
Dodge: Dodged            ||    18

Table legend: (Time is in decaauts)
 A = Elapsed time spent in this place.
 B = Non-inter-level travel time spent in this place.
 C = Inter-level travel time spent in this place.
 D = Time resting spent in this place.
 E = Time spent auto-exploring this place.
 F = Levels seen in this place.
 G = Mean time per level.
                   A        B        C        D        E       F      G
               +--------+--------+--------+--------+--------+-----+--------+
         Total |    729 |    729 |      0 |      0 |    644 |   1 |  729.0 |
       Dungeon |    729 |    729 |      0 |      0 |    644 |   1 |  729.0 |
               +--------+--------+--------+--------+--------+-----+--------+

Top non-repeatable levels by time:
     D:1: 729 daAuts
